Map: Tours du crépuscule

Players

zidar

  • Race: Zerg Zerg
  • League: Silver
  • Spawn Location: 1:00

Dante - Winner!

  • Race: Protoss Protoss
  • League: Silver
  • Spawn Location: 7:00

VOD

Have the link to the VOD?

Description

Time

  • Played on: Jan. 24, 2016, 10 a.m.
  • Length: 15:34
Show
View Real Time Build Order
Export as new Build Order

zidar Zerg 

Build Orders: Hatch First 

Get SALT Encoding   

  12  0:02  Drone  
  13  0:12  Overlord  
  13  0:17  Drone  
  14  0:30  Drone x2  
  16  0:37  Drone  
  17  0:58  Hatchery  
  17  0:59  Drone  
  17  1:04  Extractor, Drone  
  17  1:20  Spawning Pool  
  17  1:21  Drone  
  17  1:33  Drone  
  18  1:43  Overlord  
  18  1:44  Drone  
  19  1:57  Drone  
  20  2:12  Hatchery  
  20  2:14  Queen  
  21  2:28  Roach Warren  
  20  2:33  Drone x2  
  22  2:46  Queen  
  23  3:01  Drone  
  24  3:33  Queen  
  26  3:41  Extractor  
  26  3:43  Drone x2  
  26  3:46  Queen  
  29  3:57  Drone x11  
  40  4:31  Lair  
  40  4:42  Drone x2  
  40  4:43  Overlord x2  
  40  4:44  Overlord  
  42  5:10  Evolution Chamber  
  42  5:11  Evolution Chamber  
  40  5:22  Extractor  
  40  5:23  Extractor  
  38  5:29  Extractor  
  38  5:30  Extractor, Pneumatized Carapace  
  36  5:38  Hydralisk Den  
  36  5:39  Roach x2  
  36  5:40  Roach x9  
  57  5:56  Drone  
  56  6:07  Hydralisk  
  58  6:14  Overlord x2  
  58  6:15  Overlord  
  58  6:31  Hydralisk x8  
  74  6:33  Hydralisk  
  76  6:55  Overlord x2  
  76  7:12  Spine Crawler x2  
  56  7:33  Hydralisk  
  56  7:34  Hydralisk x5  
  66  7:52  Drone x3  
  69  8:28  Hydralisk x7  
  83  8:48  Drone x6  
  87  8:52  Zerg Missile Weapons Level 1  
  89  9:00  Zerg Ground Armor Level 1  
  89  9:21  Drone  
  89  9:24  Overlord x3  
  90  9:44  Drone x9  
  81  10:26  Roach  
  81  10:27  Roach x9  
  101  10:28  Hydralisk  
  101  10:29  Hydralisk x5  
  101  10:34  Overlord x2  
  101  10:35  Overlord  
  113  10:42  Muscular Augments  
  113  11:25  Queen  
  115  11:33  Hatchery  
  115  11:38  Zerg Ground Armor Level 2  
  114  11:44  Infestation Pit  
  113  11:56  Lurker Den  
  113  12:19  Overseer  
  113  12:22  Hive  
  113  12:27  Metabolic Boost  
  113  12:53  Hydralisk x8  
  113  12:54  Hydralisk x3  
  135  13:02  Overlord x2  
  135  13:05  Overseer  
  135  13:21  Hydralisk x8  
  135  13:26  Lurker  
  152  13:39  Overlord x2  
  93  13:56  Hydralisk  
  93  13:57  Hydralisk x12  
  93  13:58  Hydralisk  
  93  14:03  Hydralisk  
  93  14:07  Hydralisk  
  90  14:13  Hydralisk  
  61  14:33  Lurker  
  61  14:34  Hydralisk  
  61  14:35  Hydralisk x2  
  66  14:45  Lurker  
Show
View Real Time Build Order
Export as new Build Order

Dante Protoss - Winner!

Build Orders: 1 Gate Expand 

Get SALT Encoding   

  12  0:01  Probe (Chrono Boost)  
  13  0:12  Probe (Chrono Boost)  
  14  0:21  Pylon  
  14  0:24  Probe (Chrono Boost)  
  15  0:40  Probe (Chrono Boost)  
  16  0:44  Gateway  
  16  0:50  Probe (Chrono Boost)  
  16  0:55  Assimilator  
  17  1:01  Probe (Chrono Boost)  
  19  1:11  Probe (Chrono Boost)  
  19  1:25  Nexus  
  19  1:34  Probe (Chrono Boost)  
  20  1:41  Cybernetics Core  
  20  1:44  Pylon  
  20  1:53  Assimilator  
  20  2:03  Probe (Chrono Boost)  
  21  2:11  Zealot  
  24  2:30  Probe (Chrono Boost)  
  24  2:34  Warp Gate (Chrono Boost)  
  24  2:38  Adept  
  24  2:41  Mothership Core  
  28  2:49  Probe  
  28  2:50  Pylon  
  29  2:57  Gateway  
  29  2:58  Gateway  
  29  3:02  Gateway  
  30  3:12  Probe  
  30  3:16  Probe  
  30  3:17  Sentry  
  33  3:25  Probe  
  34  3:27  Probe  
  35  3:38  Probe  
  35  3:39  Robotics Facility, Probe  
  37  3:45  Pylon  
  37  4:00  Probe  
  37  4:01  Probe  
  39  4:09  Assimilator  
  39  4:11  Probe  
  39  4:13  Assimilator  
  40  4:19  Probe  
  41  4:25  Stalker  
  41  4:26  Stalker  
  41  4:27  Adept  
  47  4:32  Sentry  
  47  4:37  Probe  
  49  4:38  Probe  
  49  4:41  Observer  
  52  4:57  Stalker x2  
  52  4:58  Stalker x2  
  60  5:00  Probe  
  60  5:01  Probe  
  62  5:15  Pylon  
  62  5:18  Pylon  
  62  5:26  Pylon  
  62  5:32  Probe  
  62  5:33  Probe  
  62  5:34  Observer, Forge  
  65  5:42  Probe  
  65  5:45  Probe  
  65  5:47  Stargate  
  67  5:53  Probe, Stalker  
  67  5:54  Stalker x3  
  76  5:57  Probe  
  77  6:06  Probe  
  77  6:10  Probe  
  79  6:22  Protoss Ground Weapons Level 1  
  79  6:28  Nexus  
  79  6:29  Pylon  
  79  6:38  Adept  
  79  6:39  Adept x2  
  85  6:46  Probe  
  86  6:47  Oracle  
  86  6:53  Pylon  
  89  6:55  Immortal, Pylon  
  89  6:59  Probe  
  94  7:10  Probe  
  71  7:30  Stalker  
  71  7:31  Stalker x3  
  75  7:46  Probe x2  
  75  7:47  Probe  
  78  7:54  Assimilator  
  78  7:56  Probe  
  78  7:57  Assimilator  
  79  7:59  Probe  
  79  8:01  Twilight Council  
  80  8:08  Gateway  
  80  8:10  Gateway  
  80  8:12  Gateway  
  76  8:17  Gateway, Protoss Ground Armor Level 1 (Chrono Boost)  
  74  8:27  Sentry x2  
  74  8:28  Zealot x2  
  74  8:30  Charge  
  82  8:36  Immortal  
  86  8:50  Probe  
  86  8:51  Probe  
  88  8:59  Sentry  
  88  9:00  Adept x2, Probe  
  88  9:01  Adept, Probe  
  98  9:43  Void Ray  
  99  9:47  Zealot  
  99  9:48  Zealot x4  
  99  9:49  Zealot x2  
  99  9:50  Zealot  
  99  9:51  Probe x2  
  117  9:56  Pylon  
  117  9:57  Pylon  
  117  10:04  Protoss Ground Weapons Level 2 (Chrono Boost)  
  117  10:05  Templar Archives  
  113  10:14  Zealot x3  
  109  10:15  Zealot x3  
  109  10:16  Zealot  
  115  10:26  Void Ray  
  115  10:27  Warp Prism  
  121  10:30  Sentry  
  121  10:31  Probe  
  121  10:32  Probe  
  125  10:40  Zealot x3  
  125  10:42  Stalker  
  133  10:48  Pylon  
  133  10:50  Pylon  
  133  10:52  Pylon  
  133  10:54  Psionic Storm  
  133  11:04  Blink  
  137  11:11  Immortal  
  137  11:23  High Templar x2  
  137  11:24  High Templar x3  
  147  11:26  Zealot x3  
  147  11:30  Void Ray  
  157  11:39  Archon x2  
  157  12:00  Nexus  
  157  12:03  Pylon  
  157  12:05  Pylon  
  157  12:07  Pylon  
  157  12:15  Pylon  
  157  12:19  Pylon x2  
  157  12:21  Void Ray, Probe x2, Pylon  
  163  12:23  Pylon  
  163  12:25  Probe, Pylon  
  164  12:33  Probe, High Templar x2  
  164  12:34  High Templar x2  
  164  12:35  Zealot  
  164  12:36  Zealot x3  
  181  12:39  Archon  
  181  12:40  Archon  
  181  12:50  Protoss Ground Weapons Level 3 (Chrono Boost)  
  181  12:58  Probe  
  182  12:59  Probe  
  182  13:01  Assimilator  
  182  13:05  Assimilator  
  183  13:06  Void Ray  
  183  13:09  Immortal  
  191  13:14  Zealot x4  
  199  13:27  Pylon  
  199  13:32  Pylon  
  198  13:36  Pylon  
  146  14:17  Probe x2  
  145  14:56  Zealot  
  145  14:57  Zealot x5  
  145  14:58  Zealot x2  
  135  15:27  High Templar x4  
  135  15:28  High Templar x4  
  143  15:32  Archon  
  143  15:33  Archon x3  
Tags
 
Add a new tag
Caveats
  • Supply blocks, unpowered buildings, or Contaminate may cause inaccurate times.
  • Supply counts are checked every 10 seconds.